 Dungeon Crawl Stone Soup version 0.30-a0-691-g754fce4c43 (webtiles) character file.

Game seed: 18087547599593657296

128 Newt the Trooper (level 4, -7/37 HPs)
             Began as a Demonspawn Gladiator on Jan 19, 2023.
             Killed by divine providence
             ... invoked by an orc priest
              (12 damage)
             ... on level 5 of the Dungeon.
             The game lasted 00:01:47 (1617 turns).

Newt the Trooper (Demonspawn Gladiator)             Turns: 1617, Time: 00:01:47

Health: -7/37      AC:  4    Str: 17    XL:     4   Next: 87%
Magic:  4/4        EV: 14    Int:  9    God:
Gold:   171        SH:  0    Dex: 14    Spells: 3/3 levels left

rFire   . . .      SeeInvis .    a - +1 rapier
rCold   . . .      Faith    .    (no shield)
rNeg    . . .      Spirit   .    b - +0 leather armour
rPois   .          Reflect  .    c - +0 helmet
rElec   .          Harm     .    (no cloak)
rCorr   .          Rampage  .    (no gloves)
Will    .....                    (no boots)
Stlth   ++                       (no amulet)
HPRegen 0.26/turn                (no ring)
MPRegen 0.09/turn                (no ring)

@: no status effects
A: repulsion field 1, demonic touch 1
a: no special abilities


You were on level 5 of the Dungeon.
You visited 1 branch of the dungeon, and saw 5 of its levels.

You collected 171 gold pieces.

Inventory:

Hand Weapons
 a - a +1 rapier (weapon)
Missiles
 d - 3 throwing nets (quivered)
 m - 2 boomerangs
Armour
 b - a +0 leather armour (worn)
 c - a +0 helmet (worn)
Jewellery
 i - a ring of see invisible
Scrolls
 k - a scroll of identify
 l - a scroll of noise {unknown}
Potions
 f - a potion of brilliance
 g - a potion of curing
 h - a potion of attraction {unknown}
 j - a potion of degeneration {unknown}


   Skills:
 - Level 4.0 Fighting
 - Level 2.6 Short Blades
 - Level 1.7 Throwing
 + Level 2.7 Dodging
 - Level 3.0 Stealth


You had 3 spell levels left.
You didn't know any spells.
Your spell library contained the following spells:

 Spells                   Type           Power      Damage    Failure   Level
 Cigotuvi's Dreadful Rot  Necr/Pois/Air  0%         N/A       58%         2
 Poisonous Vapours        Pois/Air       0%         N/A       58%         2
 Mephitic Cloud           Conj/Pois/Air  0%         N/A       83%         3


Dungeon Overview and Level Annotations

Branches:
Dungeon (6/15)
 Temple: D:4-7

Altars:
Cheibriados


Innate Abilities, Weirdness & Mutations

You are surrounded by a mild repulsion field. (EV +2)
Your touch may inflict minor irresistible damage on your foes.


Message History

The orc closely misses you.
The orc priest calls upon Beogh to heal the orc.
The orc's wounds heal themselves!
You hit the orc.
The orc is moderately wounded.
The orc hits you with a +0 flail.
You hit the orc but do no damage.
You touch the orc.
You kill the orc!
Training target 4.0 for Fighting reached!
Your Fighting skill increases to level 4!
You need to enable at least one skill for training.
You hit the orc priest.
The orc priest is moderately wounded.
The orc priest hits you with a +0 dagger.
You hit the orc priest.
The orc priest is severely wounded.
The orc priest hits you with a +0 dagger.
You hit the orc priest. Your touch misses the orc priest.
The orc priest is almost dead.
The orc priest misses you.
You barely miss the orc priest.
The orc priest is almost dead.
The orc priest mumbles some strange prayers to Beogh against you.
Beogh smites you!
* * * LOW HITPOINT WARNING * * *
You hear a shout!
Throw: javelin
Press: ? - help, Shift-Dir - straight line, f - orc priest
Aim: an orc priest, wielding a +0 dagger (almost dead, 60% to hit)
You throw a javelin.
The javelin pierces through the orc priest.
The orc priest is almost dead.
The javelin pierces through the orc!
You kill the orc!
You hear a shout!
An ogre comes into view. It is wielding a +0 giant spiked club.
An orc comes into view. It is wielding a +0 flail.
The orc priest invokes the aid of Beogh against you.
Beogh smites you!
You die...

... ..# #.# ...
###.## .... #
#.#####.#
#>)o@...#
.......O#######
........#
...o....#
........#
...o....#
........#
.....####


You could see an ogre, an orc priest and an orc.

Vanquished Creatures
  A black bear (D:5)
  An ufetubus (D:6)
  A dart slug (D:1)
  5 orcs (D:5)
  3 bats (D:1)
  3 endoplasms
  A giant cockroach (D:1)
  3 hobgoblins
  3 kobolds
  2 quokkas
  2 ball pythons
  2 frilled lizards
  4 goblins
  A rat (D:1)
32 creatures vanquished.

Notes
Turn   | Place    | Note
-------+----------+-------------------------------------------
     0 | D:1      | Newt the Demonspawn Gladiator began the quest for the Orb.
     0 | D:1      | Reached XP level 1. HP: 16/16 MP: 1/1
    11 | D:1      | Noticed a minotaur skeleton
   155 | D:1      | Reached skill level 1 in Stealth
   384 | D:1      | Gained mutation: Your touch may inflict minor irresistible
                  | damage on your foes. [demonic ancestry]
   384 | D:1      | Reached XP level 2. HP: 22/22 MP: 2/2
  1381 | D:3      | Reached XP level 3. HP: 27/27 MP: 3/3
  1486 | D:3      | Found a snail-covered altar of Cheibriados.
  1523 | D:3      | You fall into a shaft and drop 3 floors!
  1542 | D:6      | Noticed a gnoll sergeant
  1547 | D:6      | Noticed a black bear
  1556 | D:5      | Entered Level 5 of the Dungeon
  1564 | D:5      | Killed a black bear
  1565 | D:5      | Reached skill level 3 in Fighting
  1565 | D:5      | Gained mutation: You are surrounded by a mild repulsion
                  | field. (EV +2) [demonic ancestry]
  1565 | D:5      | Reached XP level 4. HP: 21/37 MP: 4/4
  1613 | D:5      | Reached skill level 4 in Fighting
  1617 | D:5      | Noticed an ogre
  1617 | D:5      | Killed from afar by an orc priest

Illustrated notes

Levels and vault maps discovered:
D:1:      shiori_arrival_whats_in_store_for_you, layout_loops_ring
D:2:      layout_loops_cross
D:3:      layout_loops_corners, marbit_many_paths,
          nicolae_kikubaaqudgha_miasma_corner,
          mainiacjoe_overflow_six_doors_small, uniq_jessica
D:5:      layout_basic, minmay_temple_entry_waves, uniq_menkaure, uniq_sigmund
D:6:      layout_gridville

Skill      XL: |  1  2  3  4 |
---------------+-------------+-----
Stealth        | 1 2 3 |  3.0
Fighting       | 3 4 |  4.0
Short Blades   | |  2.6
Throwing       | |  1.7
Dodging        | |  2.7

Action                   |  1- 3 |  4- 6 || total
-------------------------+-------+-------++-------
Melee: Rapier            |    66 |    19 ||    85
       Touch             |     4 |     2 ||     6
Throw: Javelin           |     1 |     1 ||     2
       Throwing net      |     1 |       ||     1
  Use: Scroll            |     8 |       ||     8
       Potion            |     1 |       ||     1
 Stab: Sleeping          |     5 |       ||     5
       Held in net/web   |     1 |       ||     1
Armor: Leather armour    |    26 |     1 ||    27
Dodge: Dodged            |    59 |     9 ||    68

Table legend: (Time is in decaauts)
 A = Elapsed time spent in this place.
 B = Non-inter-level travel time spent in this place.
 C = Inter-level travel time spent in this place.
 D = Time resting spent in this place.
 E = Time spent auto-exploring this place.
 F = Levels seen in this place.
 G = Mean time per level.
                   A        B        C        D        E       F      G
               +--------+--------+--------+--------+--------+-----+--------+
         Total |   1622 |   1581 |     41 |    160 |   1154 |   5 |  324.4 |
       Dungeon |   1622 |   1581 |     41 |    160 |   1154 |   5 |  324.4 |
               +--------+--------+--------+--------+--------+-----+--------+

Top non-repeatable levels by time:
     D:1: 720 daAuts
     D:2: 660 daAuts
     D:3: 146 daAuts
     D:5: 62 daAuts
     D:6: 32 daAuts
